 Dungeon Crawl Stone Soup version 0.31-a0-965-g8a8ce12e04 (webtiles) character file.

Game seed: 6541231984439858148

159 Dittersdorf the Covered (level 5, 0/33 HPs)
             Began as a Gargoyle Fighter on Oct 26, 2023.
             Killed from afar by an orc wizard (9 damage)
             ... with a puff of flame
             ... on level 4 of the Dungeon.
             The game lasted 00:04:29 (2812 turns).

Dittersdorf the Covered (Gargoyle Fighter)          Turns: 2812, Time: 00:04:30

Health: 0/33       AC: 15    Str: 21    XL:     5   Next: 40%
Magic:  5/5        EV:  9    Int: 15    God:
Gold:   127        SH:  0    Dex:  9    Spells: 2/4 levels left

rFire   . . .        a - +1 flail
rCold   . . .        c - +1 buckler
rNeg    + . .        b - +0 scale mail
rPois   ∞            (no helmet)
rElec   +            (no cloak)
rCorr   .            r - +0 pair of gloves
SInv    .            s - +2 pair of boots
Will    .....        (no amulet) Stlth
                     j - +6 ring of intelligence
HPRegen 0.25/turn    (no ring)
MPRegen 0.09/turn

%: no passive effects
@: confused
A: sickness immunity, AC +4, negative energy resistance 1, electricity
resistance, torment resistance 1, petrification resistance
a: no special abilities


You were on level 4 of the Dungeon.
You visited 1 branch of the dungeon, and saw 4 of its levels.

You collected 127 gold pieces.

Inventory:

Hand Weapons
 a - a +1 flail (weapon)
Missiles
 e - 20 poisoned darts (quivered)
Armour
 b - a +0 scale mail (worn)
 c - a +1 buckler (worn)
 r - a +0 pair of gloves (worn)
 s - a +2 pair of boots (worn)
Jewellery
 j - a +6 ring of intelligence (left hand)
Scrolls
 m - 2 scrolls of enchant weapon
 o - 2 scrolls of fear
Potions
 d - a potion of might
 f - a potion of heal wounds {unknown}
 g - a potion of degeneration {unknown}
 n - a potion of brilliance
 p - 4 potions of curing


   Skills:
 + Level 4.3 Fighting
 + Level 3.1 Maces & Flails
 + Level 4.3 Armour
 + Level 4.3 Shields


You had 2 spell levels left.
You knew the following spells:

 Your Spells              Type           Power      Damage    Failure   Level
a - Passwall              Tmut/Erth      0%         N/A       78%         2

Your spell library contained the following spells:

 Spells                   Type           Power      Damage    Failure   Level
 Sandblast                Erth           0%         2d4       65%         1
 Lesser Beckoning         Tloc           0%         N/A       78%         2
 Gell's Gravitas          Tloc           0%         N/A       95%         3
 Stone Arrow              Conj/Erth      0%         3d7       95%         3
 Teleport Other           Tloc           0%         N/A       95%         3
 Volatile Blastmotes      Fire/Tloc      0%         2d10      95%         3
 Brom's Barrelling Bould  Conj/Erth      0%         2d3       100%        4
 Fulminant Prism          Conj/Hex       0%         3d5       100%        4
 Iskenderun's Mystic Bla  Conj/Tloc      0%         2d3       100%        4


Dungeon Overview and Level Annotations

Branches:
Dungeon (4/15)
 Temple: D:4-7

Altars:
Sif Muna

Shops:
D:2 =   D:4 [(*

Annotations:
D:3 3 runed translucent doors, CalledCrash's ghost, amateur HuWn


Innate Abilities, Weirdness & Mutations

You are immune to sickness and miasma.
Your stone body is resilient. (AC +4)
You are immune to poison.
You resist negative energy. (rN+)
You are resistant to electric shocks. (rElec)
You are resistant to unholy torment.
You are immune to petrification.


Message History

You miss something.
You hear some strange, mumbled words.
A puff of flame appears from out of thin air!
The puff of flame hits you!
* * * LOW HITPOINT WARNING * * *
You barely miss something.
Something hits you but does no damage. x2
You miss something.
You feel less confused. You block something's attack.
You sock something! Something hits you.
* * * LOW HITPOINT WARNING * * *
You completely miss something.
Something hits you but does no damage. x2
You hit something.
An orc wizard appears from thin air!
Reactivating autopickup.
The orc wizard points at you and mumbles some strange words.
You are confused.
You're too confused to move!
The orc wizard hits you but does no damage.
You're too confused to move!
The orc wizard misses you.
You hit the orc wizard.
The orc wizard is severely wounded.
The orc wizard casts a spell at you.
You are more confused.
You closely miss the orc wizard.
The orc wizard is severely wounded.
The orc wizard misses you.
You bump into the rock wall.
The orc wizard mumbles some strange words.
The orc wizard flickers and vanishes!
Deactivating autopickup; reactivate with Ctrl-A.
You bump into the rock wall.
You hear some strange, mumbled words.
A magic dart appears from out of thin air!
The magic dart hits you.
* * * LOW HITPOINT WARNING * * *
You're too confused to move!
You hear some strange, mumbled words.
A puff of flame appears from out of thin air!
The puff of flame hits you!
You die...

.........##'####+#......###+
............................
......#.#...................
.......∩.....)..............
......#.#...................
............................
............................
+###+#####)###.....###+######
..........){@#.....#
...........).#.....#
.............#.....#
.............# ####....##.###
#....#### +..... #.....
#.....


There were no monsters in sight!

Vanquished Creatures
  An orc priest (D:3)
  An orc wizard (D:3)
  4 adders
  2 worms
  2 dart slugs
  7 orcs
  2 endoplasms
  2 giant cockroaches
  3 goblins
  4 hobgoblins
  3 quokkas
  3 ball pythons
  6 bats
  A frilled lizard (D:1)
  7 kobolds
  5 rats
53 creatures vanquished.

Notes
Turn   | Place    | Note
-------+----------+-------------------------------------------
     0 | D:1      | Dittersdorf the Gargoyle Fighter began the quest for the
                  | Orb.
     0 | D:1      | Reached XP level 1. HP: 14/14 MP: 1/1
   328 | D:1      | You fall into a shaft and drop 1 floor!
   339 | D:2      | Reached XP level 2. HP: 19/19 MP: 2/2
   360 | D:2      | Found a faded altar of an unknown god.
   840 | D:2      | Found a shimmering blue altar of Sif Muna.
   953 | D:2      | Reached XP level 3. HP: 23/23 MP: 3/3
  1183 | D:2      | Learned a level 2 spell: Passwall
  1186 | D:2      | Found Wulapt's Jewellery Shop.
  1499 | D:3      | Reached XP level 4. HP: 10/29 MP: 4/4
  1611 | D:3      | Reached XP level 5. HP: 33/33 MP: 5/5
  2312 | D:3      | Identified the +0 ring mail of Getuo {-Tele rPois Stlth+}
  2314 | D:3      | Found a runed translucent gate.
  2314 | D:3      | Noticed CalledCrash's ghost (amateur HuWn)
  2316 | D:3      | Found a runed translucent gate.
  2317 | D:3      | Found a runed translucent gate.
  2543 | D:4      | Found Yxyasoc's General Store.
  2636 | D:4      | Found Xintok's Weapon Emporium.
  2733 | D:4      | Found Feunuse's Antique Armour Emporium.
  2812 | D:4      | Killed from afar by an orc wizard

Illustrated notes

Levels and vault maps discovered:
D:1:      sevenhm_arrival_forest_fort_small_6, layout_loops_ring
D:2:      layout_loops_ring, serial_shops, nicolae_diamond_shop,
          chequers_ecumenical_altar_simple, basic_altar,
          minmay_worlds_worst_comb
D:3:      wad_crossroads, layout_basic, biasface_ghost_orc_armoury,
          grunt_decor_cap
D:4:      layout_gridville, serial_shops, shop, kennysheep_mini,
          kennysheep_mini_moat, nicolae_shop_crystal, nicolae_diamond_shop,
          hangedman_decor_slide_cut, kennysheep_nub, uniq_ijyb

Skill      XL: |  1  2  3  4 |
---------------+-------------+-----
Fighting       | 4 |  4.3
Armour         | 4 |  4.3
Shields        | 4 |  4.3
Maces & Flails | 3 |  3.1

Action                     |  1- 3 |  4- 6 || total
---------------------------+-------+-------++-------
  Melee: Flail             |   143 |    82 ||   225
    Use: Scroll            |       |     9 ||     9
 Armour: Scale mail        |    90 |    93 ||   183
  Dodge: Dodged            |    68 |    47 ||   115
  Block: Buckler           |    25 |    21 ||    46

Table legend: (Time is in decaauts)
 A = Elapsed time spent in this place.
 B = Non-inter-level travel time spent in this place.
 C = Inter-level travel time spent in this place.
 D = Time resting spent in this place.
 E = Time spent auto-exploring this place.
 F = Levels seen in this place.
 G = Mean time per level.
                   A        B        C        D        E       F      G
               +--------+--------+--------+--------+--------+-----+--------+
         Total |   2878 |   2695 |    183 |    128 |   1983 |   4 |  719.5 |
       Dungeon |   2878 |   2695 |    183 |    128 |   1983 |   4 |  719.5 |
               +--------+--------+--------+--------+--------+-----+--------+

Top non-repeatable levels by time:
     D:3: 1160 daAuts
     D:1: 700 daAuts
     D:2: 692 daAuts
     D:4: 325 daAuts
